 Dungeon Crawl Stone Soup version 0.29-a0-338-g1ff7896281 (webtiles) character file.

Game seed: 13857856618253403704

1370 Jortsu the Cudgeller (level 8, -8/78 HPs)
             Began as a Troll Fighter on Apr 19, 2022.
             Was a Believer of Trog.
             Killed from afar by a lava snake (21 damage)
             ... with a glob of lava
             ... on level 7 of the Dungeon.
             The game lasted 00:08:37 (4306 turns).

Jortsu the Cudgeller (Troll Fighter)                Turns: 4306, Time: 00:08:38

Health: -8/78      AC:  7    Str: 27    XL:     8   Next: 38%
Magic:  7/7        EV: 10    Int:  4    God:    Trog [**....]
Gold:   407        SH:  9    Dex: 15    Spells: 7/7 levels left

rFire   . . .      SeeInvis .   g - +3 flail (freeze)
rCold   + . .      Faith    .   c - +0 kite shield
rNeg    . . .      Spirit   .   u - +2 robe {rC+}
rPois   .          Reflect  .   (helmet restricted)
rElec   .          Harm     .   v - +0 cloak
rCorr   .          Rampage  .   (gloves unavailable)
Will    .....                   (boots unavailable)
Stlth   ++........              k - amulet of regeneration
HPRegen 1.83/turn               n - +6 ring of dexterity
MPRegen 0.10/turn               (no ring)

@: on berserk cooldown, slowed, very slow
A: large, unfitting armour, claws 3, regeneration 1, shaggy fur 1, tough skin 1
a: Renounce Religion, Berserk, Trog's Hand


You were on level 7 of the Dungeon.
You worshipped Trog.
Trog was pleased with you.
You visited 1 branch of the dungeon, and saw 7 of its levels.

You collected 407 gold pieces.

Inventory:

Hand Weapons
 a - a +0 flail
 g - a +3 flail of freezing (weapon)
Armour
 c - a +0 kite shield (worn)
 u - a +2 robe of cold resistance (worn)
 v - a +0 cloak (worn)
Jewellery
 f - an amulet of the acrobat
 k - an amulet of regeneration (around neck)
 n - a +6 ring of dexterity (left claw)
Wands
 b - a wand of polymorph (4)
Scrolls
 h - a scroll of fog
 o - 2 scrolls of enchant armour
 r - 2 scrolls of teleportation
 t - a scroll of noise
Potions
 d - 2 potions of might
 e - 2 potions of degeneration
 i - 6 potions of curing
 j - 2 potions of heal wounds {unknown}
 l - a potion of ambrosia
 m - 2 potions of invisibility {unknown}
 p - 2 potions of mutation {unknown}
 q - 5 potions of flight {unknown}
 s - a potion of brilliance {unknown}
 w - a potion of cancellation {unknown}


   Skills:
 + Level 4.0 Fighting
 + Level 6.4 Maces & Flails
 + Level 4.3 Dodging
 + Level 1.2 Stealth
 + Level 4.3 Shields


You had 7 spell levels left.
You didn't know any spells.
Your spell library contained the following spells:

 Spells                   Type           Power      Damage    Failure   Level
 Apportation              Tloc           0%         N/A       78%         1
 Animate Dead             Necr           0%         N/A       100%        4
 Alistair's Intoxication  Tmut/Pois      0%         N/A       100%        5
 Haunt                    Necr/Summ      0%         N/A       100%        7
 Infestation              Necr           0%         N/A       100%        8


Dungeon Overview and Level Annotations

Branches:
Dungeon (7/15)             Temple (0/1) D:5

Altars:
Ashenzari
Trog

Annotations:
D:6 Sigmund


Innate Abilities, Weirdness & Mutations

You are too large for most types of armour.
You have claws for hands.
Your natural rate of healing is unusually fast.
You are covered in fur. (AC +1)
You have tough skin. (AC +1)


Message History

You block the orc warrior's attack. You block the orc priest's attack.
You climb downwards.
You hear the roar of battle.
There is an entrance to a bailey on this level.
Hurry and find it before the portal closes forever!
Reactivating autopickup.
There is a stone staircase leading up here.
A red film seems to cover your vision as you go berserk!
You feel yourself moving faster!
You feel mighty!
The orc warrior hits you but does no damage.
You thump the orc warrior! You freeze the orc warrior.
The orc warrior is almost dead.
You block the orc warrior's attack.
You hit the orc warrior. You freeze the orc warrior.
You kill the orc warrior!
Trog accepts your kill. 2 lava snakes come into view.
The lava snake hisses angrily. x2
The lava snake spits lava at you. The glob of lava misses you.
Things that are here:
a +0 morningstar; a +0 plate armour
Found a flail.
You feel a strong urge to attack something.
Found a stone staircase leading down.
You feel your anger nearly subside.
You are no longer berserk.
You are exhausted.
You feel yourself slow down. The lava snake spits lava at you.
The glob of lava misses you.
A shadow imp comes into view.
The shadow imp shouts!
Found a scroll of enchant armour.
The lava snake closely misses you.
The shadow imp summons a swarm of flies.
You miss the lava snake. The lava snake spits lava at you.
The glob of lava hits you!!
* * * LOW HITPOINT WARNING * * *
The lava snake spits lava at you. The glob of lava hits you!!
You die...

## #### ###. ..#
... ####.##
#.##..)<.#
#....##........
#.###...##...######
#.....@).......
###..§S≈≈≈.S§≈≈≈
#..≈###§.≈###≈.≈
#..≈ #≈§§# ≈.≈ #>5≈
#§.§# .≈ #..≈ .§
#... .§. ?..≈


You could see 2 lava snakes and a shadow imp.

Vanquished Creatures
  Grinder (D:5)
  An orc warrior (D:7)
  A black bear (D:6)
  An ice beast (D:5)
  An ogre (D:4)
  A centaur (D:6)
  Blork the orc (D:5)
  A gnoll sergeant (D:6)
  A scorpion (D:4)
  Crazy Yiuf (D:4)
  2 orc priests
  An iguana (D:4)
  Jessica (D:2)
  Ijyb (D:5)
  4 orc wizards
  7 adders
  8 gnolls
  An ufetubus (D:5)
  A dart slug (D:5)
  3 worms
  32 orcs
  10 ball pythons
  7 endoplasms
  2 giant cockroaches
  12 goblins
  4 hobgoblins
  7 kobolds
  2 quokkas
  3 bats
  3 frilled lizards
  6 rats
127 creatures vanquished.

Notes
Turn   | Place    | Note
-------+----------+-------------------------------------------
     0 | D:1      | Jortsu the Troll Fighter began the quest for the Orb.
     0 | D:1      | Reached XP level 1. HP: 22/22 MP: 0/0
    87 | D:1      | Reached XP level 2. HP: 29/29 MP: 1/1
   235 | D:1      | Reached skill level 2 in Maces & Flails
   530 | D:2      | Reached XP level 3. HP: 32/32 MP: 2/2
   956 | D:2      | Noticed Jessica
   962 | D:2      | Killed Jessica
   963 | D:2      | Reached XP level 4. HP: 44/44 MP: 3/3
  1244 | D:2      | Reached skill level 3 in Maces & Flails
  1257 | D:3      | Reached XP level 5. HP: 40/52 MP: 4/4
  1695 | D:3      | Found a faded altar of an unknown god.
  1715 | D:3      | Prayed at the altar of an unknown god.
  1715 | D:3      | Became a worshipper of Trog the Wrathful
  1715 | D:3      | Reached * piety under Trog
  2006 | D:4      | Noticed an ogre
  2008 | D:4      | Reached XP level 6. HP: 61/61 MP: 5/5
  2053 | D:4      | Reached skill level 4 in Maces & Flails
  2510 | D:4      | Found a runed translucent door.
  2511 | D:4      | Noticed Crazy Yiuf
  2516 | D:4      | Killed Crazy Yiuf
  3158 | D:5      | Entered Level 5 of the Dungeon
  3207 | D:5      | Reached XP level 7. HP: 67/67 MP: 6/6
  3234 | D:5      | Found a staircase to the Ecumenical Temple.
  3264 | D:5      | Found a broken altar of Ashenzari.
  3345 | D:5      | Noticed Grinder
  3345 | D:5      | Noticed Blork the orc
  3378 | D:5      | Killed Grinder
  3379 | D:5      | Reached skill level 5 in Maces & Flails
  3379 | D:5      | Reached skill level 1 in Stealth
  3388 | D:5      | Killed Blork the orc
  3607 | D:5      | Noticed Ijyb
  3614 | D:5      | Killed Ijyb
  4085 | D:6      | Reached XP level 8. HP: 73/78 MP: 7/7
  4119 | D:6      | Reached skill level 6 in Maces & Flails
  4235 | D:6      | Reached ** piety under Trog
  4292 | D:6      | Noticed Sigmund
  4306 | D:7      | Killed from afar by a lava snake

Illustrated notes

Levels and vault maps discovered:
D:1:      scummos_arrival_simple_crosswalls, layout_basic,
          minmay_indecisive_spiral
D:2:      layout_basic, minmay_domino_2, uniq_jessica
D:3:      layout_basic, hellmonk_ecumenical_altar_prayer_group
D:4:      layout_layer_cave, uniq_crazy_yiuf_cottage
D:5:      layout_basic, mainiacjoe_overflow_catwalk, minmay_temple_entry_tees,
          uniq_ijyb, uniq_blork_the_orc, uniq_grinder
D:6:      layout_rooms, minitemple, uniq_sigmund
D:7:      layout_loops_cross, enter_bailey_5, minmay_misc_feat_secret_circle,
          minmay_misc_feat_chi, kennysheep_boxes

Skill      XL: |  1  2  3  4  5  6  7  8 |
---------------+-------------------------+-----
Maces & Flails | 2 3 4 5 6 |  6.4
Dodging        | 3 4 |  4.3
Shields        | 3 4 |  4.3
Fighting       | 3 4 |  4.0
Stealth        | 1 |  1.2

Action                   |  1- 3 |  4- 6 |  7- 9 || total
-------------------------+-------+-------+-------++-------
Melee: Flail             |   140 |   135 |    96 ||   371
Invok: Berserk           |       |       |     3 ||     3
  Use: Scroll            |     3 |    10 |     1 ||    14
 Stab: Sleeping          |       |     1 |     1 ||     2
Armor: Robe              |    67 |    38 |    26 ||   131
Dodge: Dodged            |    67 |    46 |    40 ||   153
Block: Kite shield       |    62 |    60 |    55 ||   177

Table legend: (Time is in decaauts)
 A = Elapsed time spent in this place.
 B = Non-inter-level travel time spent in this place.
 C = Inter-level travel time spent in this place.
 D = Time resting spent in this place.
 E = Time spent auto-exploring this place.
 F = Levels seen in this place.
 G = Mean time per level.
                   A        B        C        D        E       F      G
               +--------+--------+--------+--------+--------+-----+--------+
         Total |   4454 |   4350 |    104 |    407 |   2578 |   7 |  636.3 |
       Dungeon |   4454 |   4350 |    104 |    407 |   2578 |   7 |  636.3 |
               +--------+--------+--------+--------+--------+-----+--------+

Top non-repeatable levels by time:
     D:4: 1162 daAuts
     D:5: 923 daAuts
     D:3: 787 daAuts
     D:2: 751 daAuts
     D:1: 563 daAuts
     D:6: 259 daAuts
     D:7: 7 daAuts
